[Event "Titled Tuesday Blitz August 1 Early 2023"]
[White "AliNiknaddaf"]
[Black "Gardezi, Arsal"]
[BlackFideId "30949521"]
[WhiteElo "2568"]
[BlackElo "2254"]
[Result "1/2-1/2"]
[Round "1"]
[TimeControl "180+1"]
[Date "2023.08.01"]
[WhiteClock "0:01:09"]
[BlackClock "0:00:25"]
[Board "200"]

1. e4 e6 2. d4 d5 3. e5 c5 4. f4 Nc6 5. Nf3 Nh6 6. Bd3 cxd4 7. a3 Bc5 8. b4 Bb6 9. Bb2 f6 10. O-O O-O 11. Nbd2 fxe5 12. Nxe5 Nxe5 13. fxe5 Bd7 14. Nf3 Nf5 15. Bxf5 Rxf5 16. Bxd4 Bxd4+ 17. Qxd4 Qb6 18. c3 Rc8 19. Rae1 Rxc3 20. Qxb6 axb6 21. Ra1 g5 22. Rfe1 h6 23. a4 Rc4 24. Rac1 Rff4 25. Nd2 Rxc1 26. Rxc1 Rxb4 27. Rc7 Bxa4 28. Rxb7 Rb2 29. Nf3 g4 30. Nd4 Rb4 31. Nxe6 d4 32. Rg7+ Kh8 33. Rxg4 Bd7 34. Rxd4 Rb1+ 35. Kf2 Bxe6 36. Rd6 Bg8 37. e6 Rb2+ 38. Kf3 Kg7 39. e7 Bf7 40. Rd8 Rb3+ 41. Kf4 Rb4+ 42. Kf3 Bh5+ 43. g4 Bxg4+ 44. Kg3 Bh5 45. e8=Q Bxe8 46. Rxe8 Rb3+ 47. Kg4 b5 48. Re7+ Kg6 49. Rb7 Rb2 50. Rb6+ Kg7 51. h4 Rb4+ 52. Kh5 Kf7 53. Rb7+ Ke6 54. Kg6 Rxh4 55. Rxb5 Rh1 56. Rb6+ Ke5 57. Rb8 h5 58. Kg5 h4 59. Re8+ Kd4 60. Kg4 h3 61. Kg3 h2 62. Kg2 Rd1 63. Kxh2 Rd2+ 64. Kg3 Rd3+ 65. Kf4 Kc3 66. Rc8+ Kd2 67. Rh8 Rc3 68. Ke4 Kc2 69. Kd4 Rc7 70. Rh2+ Kb3 71. Rh1 Kb4 72. Rb1+ Ka5 73. Kd5 Rc8 74. Kd6 Rc2 75. Rb8 Rc3 76. Kd5 Rc2 77. Kd4 Rc7 78. Rb1 Rc2 79. Kd3 Rc7 80. Rb2 Rc8 81. Kd4 Rc7 82. Kd5 Rc8 1/2-1/2


[Site "https://www.chess.com"]

[Event "Titled Tuesday Blitz August 1 Early 2023"]
[White "Samaganova, Aleksandra"]
[Black "Siniauski, Artsiom"]
[WhiteFideId "13800221"]
[BlackFideId "13512269"]
[WhiteElo "2252"]
[BlackElo "2568"]
[Result "0-1"]
[Round "1"]
[TimeControl "180+1"]
[Date "2023.08.01"]
[WhiteClock "0:00:02"]
[BlackClock "0:00:13"]
[Board "201"]

1. c4 Nf6 2. Nc3 b6 3. Nf3 Bb7 4. e3 g6 5. d4 Bg7 6. Be2 O-O 7. O-O d6 8. a3 Nbd7 9. b4 e5 10. Rb1 Re8 11. Qc2 h5 12. Rd1 Qe7 13. dxe5 dxe5 14. Nd5 Nxd5 15. cxd5 e4 16. Ne1 Nf6 17. Bc4 Rad8 18. Qa2 Rd6 19. Bb2 Red8 20. Bxf6 Qxf6 21. b5 Qe5 22. Rdc1 Bxd5 23. Bxd5 Rxd5 24. a4 Rd2 25. Qc4 Qf5 26. f4 Qg4 27. Rc2 Rd1 28. Rcc1 R8d2 29. Qxe4 Qe2 30. Qf3 Qxe1+ 31. Qf1 Qxf1# 0-1


[Site "https://www.chess.com"]

[Event "Titled Tuesday Blitz August 1 Early 2023"]
[White "Saya, Ethan"]
[Black "Mikhaylova, Irina"]
[WhiteFideId "26095181"]
[BlackFideId "4109040"]
[WhiteElo "2566"]
[BlackElo "2251"]
[Result "1-0"]
[Round "1"]
[TimeControl "180+1"]
[Date "2023.08.01"]
[WhiteClock "0:00:10"]
[BlackClock "0:00:03"]
[Board "202"]

1. d4 Nf6 2. c4 g6 3. g3 c6 4. Bg2 d5 5. Nf3 Bg7 6. O-O O-O 7. Nbd2 Bf5 8. Qb3 Qb6 9. c5 Qxb3 10. axb3 Nbd7 11. b4 a6 12. Nb3 Ra7 13. Na5 Re8 14. Bf4 Ne4 15. Bc7 e5 16. dxe5 Nxe5 17. Bb6 Raa8 18. Nxb7 Nc4 19. Nh4 Bxb2 20. Nxf5 gxf5 21. Bxe4 Bxa1 22. Bxf5 Bc3 23. Bd7 Bxb4 24. Bxc6 Rec8 25. Bxd5 Nxb6 26. cxb6 Rab8 27. Rb1 a5 28. Ra1 Rc2 29. Nxa5 Bxa5 30. Rxa5 Rxb6 31. Ra7 Rf6 32. Bf3 Kg7 33. Kg2 Rc8 34. h4 Rd8 35. Ra5 h6 36. Rh5 Rdd6 37. Re5 Rde6 38. Rc5 Rd6 39. Rb5 Rde6 40. Rb4 Rd6 41. Rb7 Rde6 42. e3 Rd6 43. Rc7 Rd2 44. Rc4 Rdd6 45. Re4 Kf8 46. Ra4 Rde6 47. Bd5 Rd6 48. e4 Rb6 49. f4 Rfd6 50. Ra7 Rf6 51. e5 Rf5 52. Be4 Rh5 53. Bf3 Rf5 54. Bg4 Rbf6 55. exf6 Rxf6 56. Bh5 Kg7 57. Rxf7+ Rxf7 58. Bxf7 Kxf7 59. g4 h5 60. g5 Kg6 61. Kf3 Kf5 62. Ke3 Kg4 63. g6 Kxh4 64. g7 1-0


[Site "https://www.chess.com"]

[Event "Titled Tuesday Blitz August 1 Early 2023"]
[White "Andreassen, Lars"]
[Black "Gauri, Shankar"]
[WhiteFideId "1504878"]
[BlackFideId "5041350"]
[WhiteElo "2250"]
[BlackElo "2566"]
[Result "1-0"]
[Round "1"]
[TimeControl "180+1"]
[Date "2023.08.01"]
[WhiteClock "0:00:36"]
[BlackClock "0:00:12"]
[Board "203"]

1. d4 Nf6 2. Nf3 e6 3. c4 b6 4. g3 Bb7 5. Bg2 Bb4+ 6. Bd2 Be7 7. O-O c6 8. Nc3 d5 9. cxd5 cxd5 10. Rc1 O-O 11. Bf4 Nc6 12. a3 Rc8 13. Ne5 Nd7 14. Nxc6 Bxc6 15. b4 Nf6 16. b5 Bd7 17. a4 Bb4 18. Qb3 Qe7 19. Bg5 Rc4 20. e3 Rfc8 21. Na2 Ba3 22. Bxf6 gxf6 23. Rxc4 Rxc4 24. Rd1 f5 25. Bf1 Rc7 26. Kg2 Be8 27. Bd3 Kg7 28. Rb1 f6 29. Nc3 Bd6 30. f4 Rc8 31. Ne2 Bh5 32. Rc1 Rc7 33. Rxc7 Qxc7 34. Nc3 Qc8 35. h3 Kh6 36. Nxd5 Qa8 37. e4 exd5 38. e5 fxe5 39. fxe5 Be7 40. Bxf5 Bg6 41. g4 Kg7 42. Qd3 Qc8 43. Kf3 Qc1 44. Qe3 Qh1+ 45. Kg3 Qg1+ 46. Qxg1 Bf7 47. Qe3 1-0


[Site "https://www.chess.com"]

[Event "Titled Tuesday Blitz August 1 Early 2023"]
[White "The_Sherman_Variation"]
[Black "Palacio,Igor Da Paz"]
[BlackFideId "2121140"]
[WhiteElo "2565"]
[BlackElo "2248"]
[Result "1-0"]
[Round "1"]
[TimeControl "180+1"]
[Date "2023.08.01"]
[WhiteClock "0:01:29"]
[BlackClock "0:00:04"]
[Board "204"]

1. b4 e5 2. Bb2 Bxb4 3. Bxe5 Nf6 4. Nf3 Nc6 5. Bb2 d5 6. g3 O-O 7. Bg2 Re8 8. O-O b6 9. d3 Bb7 10. Nbd2 Qe7 11. Re1 Rad8 12. a3 Bc5 13. e3 Bd6 14. Nh4 Na5 15. Nf5 Qe6 16. Nxd6 Qxd6 17. Nf3 c5 18. Nh4 Bc8 19. h3 a6 20. Qf3 d4 21. e4 g6 22. Bc1 Nd7 23. Qe2 Qe7 24. f4 Nf8 25. Bd2 Nc6 26. Qf2 Bb7 27. g4 Nd7 28. Nf3 Na5 29. h4 h6 30. f5 Kh7 31. Qg3 Ne5 32. Qf4 Nxf3+ 33. Bxf3 Qxh4 34. Kg2 Rh8 35. Rh1 Qe7 36. Qxh6+ Kg8 37. Qxh8# 1-0


[Site "https://www.chess.com"]

[Event "Titled Tuesday Blitz August 1 Early 2023"]
[White "Tqebuchava, Zurab"]
[Black "Castaneda, Jhon David"]
[WhiteFideId "13601113"]
[BlackFideId "4405048"]
[WhiteElo "2245"]
[BlackElo "2562"]
[Result "1-0"]
[Round "1"]
[TimeControl "180+1"]
[Date "2023.08.01"]
[WhiteClock "0:00:13"]
[BlackClock "0:00:00"]
[Board "205"]

1. e4 c5 2. Nf3 Nc6 3. Bb5 g6 4. O-O Nf6 5. e5 Nd5 6. Nc3 Nc7 7. Bxc6 dxc6 8. h3 Bg7 9. d3 Ne6 10. Ne4 b6 11. Nfg5 Nd4 12. c3 Nf5 13. Nf3 h5 14. Bg5 Be6 15. Re1 Qd5 16. Qc2 Rd8 17. Red1 h4 18. a4 a5 19. d4 Qb3 20. Qxb3 Bxb3 21. Rd2 cxd4 22. cxd4 Bd5 23. Re1 Kf8 24. Nd6 Bxf3 25. Nxf5 gxf5 26. gxf3 Rd5 27. e6 Rh5 28. Bf4 Rxd4 29. Rxd4 Bxd4 30. b3 c5 31. exf7 Kxf7 32. Bc7 Rh6 33. Bd8 Re6 34. Rxe6 Kxe6 35. Kf1 Kd7 36. Bxb6 Kc6 37. Bxa5 Be5 38. Ke2 Bf4 39. Bd2 Bd6 40. Bg5 Kd5 41. Kd3 e5 42. Bxh4 e4+ 43. fxe4+ fxe4+ 44. Ke3 Be5 45. Bg3 Bd4+ 46. Ke2 Kc6 47. h4 Kb6 48. Bf4 Ka5 49. Bd2+ Kb6 50. h5 Kc6 51. h6 Bh8 52. h7 Kd5 53. a5 Kc6 54. Ke3 Kd5 55. a6 1-0


[Site "https://www.chess.com"]

[Event "Titled Tuesday Blitz August 1 Early 2023"]
[White "Ambartsumova, Karina"]
[Black "Daniel_Salinas"]
[WhiteFideId "4166299"]
[WhiteElo "2562"]
[BlackElo "2244"]
[Result "1-0"]
[Round "1"]
[TimeControl "180+1"]
[Date "2023.08.01"]
[WhiteClock "0:00:04"]
[BlackClock "0:00:00"]
[Board "206"]

1. c4 Nf6 2. Nc3 e6 3. e4 d5 4. e5 d4 5. exf6 dxc3 6. bxc3 Qxf6 7. d4 e5 8. Nf3 exd4 9. cxd4 Bb4+ 10. Bd2 Bxd2+ 11. Qxd2 O-O 12. Be2 Nc6 13. O-O Bg4 14. d5 Bxf3 15. Bxf3 Ne5 16. Be2 c6 17. d6 c5 18. Qd5 Rad8 19. Rad1 b6 20. f4 Ng6 21. g3 Rfe8 22. Bg4 Ne7 23. Qe5 Qxe5 24. fxe5 Nc6 25. e6 fxe6 26. Rfe1 Nd4 27. d7 Re7 28. Kg2 Rdxd7 29. Re4 h6 30. h4 Rd8 31. Rde1 Rf8 32. a4 Rf6 33. Re5 Ref7 34. Bxe6 Nxe6 35. Rxe6 Rf2+ 36. Kh3 Rc2 37. Re8+ Kh7 38. Ra8 Rc3 39. h5 g6 40. hxg6+ Kxg6 41. Re6+ Kg7 42. Ree8 Rxc4 43. Rg8+ Kf6 44. Rh8 Rxa4 45. Rxh6+ Ke5 46. Re8+ Kd4 47. Rh4+ Kc3 48. Rxa4 b5 49. Ra6 b4 50. Rc8 Rf5 51. g4 Rd5 52. Rac6 Kc4 53. Kh4 a5 54. g5 b3 55. g6 b2 56. Rb8 Rd7 57. Kh5 Rg7 58. Kh6 Rd7 59. Rxb2 a4 60. g7 1-0


[Site "https://www.chess.com"]

[Event "Titled Tuesday Blitz August 1 Early 2023"]
[White "Sankalan Shah"]
[Black "Kuzmin, Roman"]
[WhiteFideId "25600362"]
[BlackFideId "44134932"]
[WhiteElo "2241"]
[BlackElo "2561"]
[Result "0-1"]
[Round "1"]
[TimeControl "180+1"]
[Date "2023.08.01"]
[WhiteClock "0:00:56"]
[BlackClock "0:02:05"]
[Board "207"]

1. d4 Nf6 2. c4 e6 3. Nf3 d5 4. Nc3 c6 5. e3 Nbd7 6. Qc2 Bd6 7. g4 Nxg4 8. Rg1 Qf6 9. Rxg4 Qxf3 10. Rxg7 Nf8 11. Rg2 Ng6 12. e4 Nh4 13. Rg7 Qf6 14. Bg5 Nf3+ 0-1


[Site "https://www.chess.com"]

[Event "Titled Tuesday Blitz August 1 Early 2023"]
[White "Pinero Rodriguez, Carlos Jose"]
[Black "Atanasov, Radislav"]
[WhiteFideId "3901726"]
[BlackFideId "2901471"]
[WhiteElo "2560"]
[BlackElo "2237"]
[Result "1-0"]
[Round "1"]
[TimeControl "180+1"]
[Date "2023.08.01"]
[WhiteClock "0:00:47"]
[BlackClock "0:00:02"]
[Board "208"]

1. b3 e5 2. Bb2 Nc6 3. e3 Nf6 4. c4 Be7 5. a3 O-O 6. Qc2 d5 7. cxd5 Nxd5 8. Nf3 f6 9. Be2 Be6 10. d3 Qd7 11. Nbd2 Rad8 12. O-O a5 13. Rac1 Qe8 14. Ne4 Qg6 15. Kh1 Nb6 16. Nc5 Bxc5 17. Qxc5 Bxb3 18. d4 Bd5 19. Rg1 e4 20. Nd2 f5 21. g3 Rf6 22. h4 Rdf8 23. Nc4 Qf7 24. Nxb6 cxb6 25. Qxd5 Qxd5 26. Bc4 Ne7 27. Bxd5+ Nxd5 28. a4 Rc6 29. Kg2 Rfc8 30. Rxc6 Rxc6 31. Rb1 Rc2 32. Kf1 Nb4 33. d5 Nd3 34. Bd4 Rxf2+ 35. Kg1 Ra2 36. Rxb6 Rxa4 37. Rxb7 Rb4 38. Rxg7+ Kf8 39. Ra7 a4 40. d6 Rb1+ 41. Kg2 Ne1+ 42. Kf2 Nd3+ 43. Ke2 Nc1+ 44. Kd1 Nb3+ 45. Kc2 Nxd4+ 46. Kxb1 Ne6 47. Rxh7 Ke8 48. Re7+ Kd8 49. Rxe6 1-0


[Site "https://www.chess.com"]

[Event "Titled Tuesday Blitz August 1 Early 2023"]
[White "Mishra, Manoj"]
[Black "Sadykov, Ramil"]
[WhiteFideId "5006007"]
[BlackFideId "24113590"]
[WhiteElo "2236"]
[BlackElo "2559"]
[Result "0-1"]
[Round "1"]
[TimeControl "180+1"]
[Date "2023.08.01"]
[WhiteClock "0:00:29"]
[BlackClock "0:00:57"]
[Board "209"]

1. d4 Nf6 2. Bg5 e6 3. e3 Be7 4. Bd3 b6 5. f4 Bb7 6. Nf3 Ne4 7. Bxe7 Qxe7 8. Nbd2 Nxd2 9. Qxd2 d6 10. O-O O-O 11. Qf2 h6 12. c4 Nd7 13. b4 e5 14. fxe5 dxe5 15. Nd2 e4 16. Be2 Qxb4 17. Nb3 f5 18. Qg3 Qd6 19. Qh3 Qg6 20. Rf4 Rf6 21. Raf1 Raf8 22. g4 fxg4 23. Qxg4 Qxg4+ 24. Bxg4 Rxf4 25. Be6+ R4f7 26. c5 Nf6 27. cxb6 axb6 28. Nd2 Bd5 29. Bxf7+ Kxf7 30. Rc1 c6 31. a3 Ra8 32. Nb1 Ke6 33. Rc3 g5 34. h3 h5 35. Kf2 g4 36. h4 g3+ 37. Kxg3 Rg8+ 38. Kf2 Rg4 39. Nd2 Rxh4 40. a4 Rh2+ 41. Ke1 h4 42. a5 bxa5 43. Ra3 h3 44. Rxa5 Rg2 0-1


[Site "https://www.chess.com"]

[Event "Titled Tuesday Blitz August 1 Early 2023"]
[White "Bruedigam, Martin"]
[Black "Quirke, Jeffrey"]
[WhiteFideId "24608033"]
[BlackFideId "2013029"]
[WhiteElo "2556"]
[BlackElo "2233"]
[Result "0-1"]
[Round "1"]
[TimeControl "180+1"]
[Date "2023.08.01"]
[WhiteClock "0:00:08"]
[BlackClock "0:00:02"]
[Board "210"]

1. d4 e6 2. c4 b6 3. Nf3 Bb7 4. Nbd2 Nf6 5. g3 d5 6. Bg2 Be7 7. O-O O-O 8. cxd5 exd5 9. Ne5 Nbd7 10. Ndf3 Ne4 11. Nxd7 Qxd7 12. Be3 Qe6 13. Rc1 Rac8 14. Qa4 a6 15. Rfd1 Rfd8 16. Qb3 Ba8 17. Nd2 Nxd2 18. Rxd2 c5 19. dxc5 bxc5 20. Rcd1 d4 21. Qxe6 fxe6 22. Bf4 Bxg2 23. Kxg2 Bd6 24. b3 e5 25. Bg5 Rd7 26. Rc2 Kf7 27. f3 Be7 28. Bxe7 Kxe7 29. Rdc1 Rdc7 30. Kf2 Kd6 31. Ke1 Kd5 32. Rd2 c4 33. e4+ Kd6 34. b4 c3 35. Rdd1 g5 36. Ke2 Rc4 37. a3 a5 38. bxa5 Ra8 39. Kd3 Kc5 40. h4 gxh4 41. gxh4 Rxa5 42. Rg1 Rxa3 43. Rc2 Rb4 44. Rg5 Kd6 45. Rh5 Rb2 46. Rh6+ Kc5 47. Rh5 Rxc2 48. Rxe5+ Kd6 49. Rd5+ Ke6 50. Kxc2 Ra2+ 51. Kb3 c2 52. Kxa2 c1=Q 53. Rxd4 Qc2+ 54. Ka3 Qc3+ 0-1


[Site "https://www.chess.com"]

[Event "Titled Tuesday Blitz August 1 Early 2023"]
[White "Fudalej, Michal"]
[Black "Pastar, Slaven"]
[WhiteFideId "1118781"]
[BlackFideId "14402718"]
[WhiteElo "2232"]
[BlackElo "2552"]
[Result "0-1"]
[Round "1"]
[TimeControl "180+1"]
[Date "2023.08.01"]
[WhiteClock "0:00:00"]
[BlackClock "0:00:02"]
[Board "211"]

1. Nf3 b6 2. c4 Bb7 3. g3 g6 4. Bg2 Bg7 5. Nc3 Nf6 6. O-O O-O 7. b3 Ne4 8. Bb2 Nxc3 9. Bxc3 Bxc3 10. dxc3 d6 11. Qd2 Kg7 12. Qd4+ e5 13. Nxe5 c5 14. Nxf7+ cxd4 15. Nxd8 Bxg2 16. Ne6+ Kf6 17. Nxf8 Bxf1 18. Kxf1 h6 19. Rd1 Kf7 20. Nh7 Nc6 21. cxd4 Kg7 22. d5 Ne5 23. h3 Kxh7 24. f4 Nd7 25. Kf2 a5 26. Kf3 Re8 27. e4 Nc5 28. Re1 Kg7 29. g4 Kf6 30. Re3 g5 31. a3 Nd7 32. Kg3 Rc8 33. h4 a4 34. hxg5+ hxg5 35. bxa4 Rxc4 36. fxg5+ Kxg5 37. Rf3 Rxe4 38. Rf5+ Kg6 39. Rf2 Rxa4 40. Rb2 Rxa3+ 41. Kh4 Ra4 42. Rc2 Nf6 43. Rc6 Rxg4+ 44. Kh3 Rb4 45. Rxd6 b5 46. Kg3 Kf5 47. Kf3 Rb1 48. Ke3 b4 49. Kd3 Ke5 50. Rd8 Nxd5 51. Kc2 Rh1 52. Kb3 Rh3+ 53. Kb2 Kd4 54. Rc8 Nb6 55. Kc2 Nxc8 0-1


[Site "https://www.chess.com"]

[Event "Titled Tuesday Blitz August 1 Early 2023"]
[White "Porter, Ryan W"]
[Black "alfianasybullina"]
[WhiteFideId "2011239"]
[WhiteElo "2552"]
[BlackElo "2230"]
[Result "1-0"]
[Round "1"]
[TimeControl "180+1"]
[Date "2023.08.01"]
[WhiteClock "0:01:08"]
[BlackClock "0:01:27"]
[Board "212"]

1. e4 e6 2. Nf3 d5 3. e5 c5 4. b4 cxb4 5. a3 Nc6 6. d4 b3 7. cxb3 Nge7 8. Bd3 Ng6 9. h4 Be7 10. h5 Nh4 11. Nxh4 Bxh4 12. g3 Be7 13. h6 g6 14. Be3 f6 15. f4 Qb6 16. Nc3 f5 17. b4 Bd7 18. Na4 Qd8 19. Nc5 b6 20. Nxd7 Qxd7 21. Bb5 Rc8 22. Rc1 Kf7 23. Qa4 1-0


[Site "https://www.chess.com"]

[Event "Titled Tuesday Blitz August 1 Early 2023"]
[White "hsd2016"]
[Black "Onufrienko, Vladislav"]
[BlackFideId "13804332"]
[WhiteElo "2229"]
[BlackElo "2552"]
[Result "0-1"]
[Round "1"]
[TimeControl "180+1"]
[Date "2023.08.01"]
[WhiteClock "0:00:00"]
[BlackClock "0:00:11"]
[Board "213"]

1. e4 Nf6 2. e5 Nd5 3. c4 Nb6 4. d4 d6 5. f4 dxe5 6. fxe5 Nc6 7. Be3 Bf5 8. Nc3 e6 9. Nf3 f6 10. exf6 Qxf6 11. Be2 O-O-O 12. O-O h6 13. Qb3 Nxd4 14. Bxd4 Rxd4 15. Nxd4 Qxd4+ 16. Kh1 Bd6 17. Nb5 Qe5 18. Nxd6+ Qxd6 19. Rad1 Qc5 20. Qg3 g5 21. b3 Nd7 22. Bg4 Rf8 23. Bxf5 exf5 24. Rd5 Qa3 25. Qd3 Nc5 26. Qe3 b6 27. Qd2 f4 28. h3 Kb7 29. Qe2 Rf6 30. Rd8 Re6 31. Qf3+ Ka6 32. Rd2 Qb4 33. Re2 Rd6 34. Ref2 Nd3 35. Re2 Qc5 36. h4 Ne5 37. Qg4 Nxg4 0-1


[Site "https://www.chess.com"]

[Event "Titled Tuesday Blitz August 1 Early 2023"]
[White "Aggelis, Nikolaos"]
[Black "Putri, Regita Desyari"]
[WhiteFideId "4213220"]
[BlackFideId "7109083"]
[WhiteElo "2550"]
[BlackElo "2226"]
[Result "1/2-1/2"]
[Round "1"]
[TimeControl "180+1"]
[Date "2023.08.01"]
[WhiteClock "0:00:31"]
[BlackClock "0:00:05"]
[Board "214"]

1. c4 e5 2. g3 Nf6 3. Bg2 d5 4. cxd5 Nxd5 5. Nc3 Nb6 6. Nf3 Nc6 7. O-O Be7 8. d3 O-O 9. a3 Be6 10. Be3 Nd5 11. Nxd5 Bxd5 12. Rc1 Qd7 13. Bc5 Rfe8 14. Bxe7 Rxe7 15. Qc2 Nd4 16. Nxd4 exd4 17. Bxd5 Qxd5 18. Qc5 Qxc5 19. Rxc5 c6 20. Re1 Rae8 21. Kf1 Re5 22. Rc4 Rd8 23. b4 Kf8 24. h4 Ke7 25. Rec1 Rdd5 26. R1c2 Kd7 27. Kg2 a6 28. g4 h5 29. g5 g6 30. Kg3 Kd6 31. a4 Re7 32. Kf3 Ree5 33. Kg2 Re7 34. Kg3 Re6 35. Kf3 Rf5+ 36. Kg3 Rd5 37. Rc5 Ree5 38. Rxd5+ Rxd5 39. Kg2 a5 40. Rc4 axb4 41. Rxb4 Kc7 42. Kf3 b6 43. Ke4 Rd7 44. Rxd4 Re7+ 45. Kf3 c5 46. Rc4 Kc6 47. e3 Rd7 48. d4 Kd5 49. Rc1 cxd4 50. exd4 Ra7 51. Rb1 Rxa4 52. Rxb6 Rxd4 53. Rb7 Rxh4 54. Rxf7 Rg4 55. Rd7+ Ke6 56. Ra7 Rxg5 57. Ra6+ Kf7 58. Ra7+ Kf6 59. Ra6+ Kg7 60. Ra7+ Kh6 61. Ra8 Rb5 62. Kg3 Kg5 63. f4+ Kh6 64. Rh8+ Kg7 65. Ra8 Rb3+ 66. Kg2 Kh6 67. Rh8+ Kg7 68. Ra8 Rb2+ 69. Kg3 Rb3+ 70. Kg2 1/2-1/2


[Site "https://www.chess.com"]

[Event "Titled Tuesday Blitz August 1 Early 2023"]
[White "rikchessmx"]
[Black "Golubev, Mikhail"]
[BlackFideId "14100983"]
[WhiteElo "2222"]
[BlackElo "2550"]
[Result "1/2-1/2"]
[Round "1"]
[TimeControl "180+1"]
[Date "2023.08.01"]
[WhiteClock "0:00:41"]
[BlackClock "0:00:51"]
[Board "215"]

1. e4 c5 2. Nf3 d6 3. d4 Nf6 4. Nc3 cxd4 5. Nxd4 g6 6. f4 Nc6 7. Nxc6 bxc6 8. Bd3 Bg7 9. O-O O-O 10. Kh1 Rb8 11. Qe1 d5 12. e5 Nd7 13. Na4 f6 14. e6 Nb6 15. Nxb6 Rxb6 16. f5 g5 17. b3 c5 18. Ba3 Qc7 19. c4 dxc4 20. Bxc4 Rd8 21. Rd1 Rbd6 22. Qe2 Bb7 23. Rxd6 Qxd6 24. Qf2 Rc8 25. Qe2 Rd8 26. Qf2 Rc8 27. Qe2 Rd8 1/2-1/2


[Site "https://www.chess.com"]

[Event "Titled Tuesday Blitz August 1 Early 2023"]
[White "Andreev, Konstantin"]
[Black "Liu, Leonardo"]
[WhiteFideId "24239305"]
[BlackFideId "30965780"]
[WhiteElo "2549"]
[BlackElo "2221"]
[Result "1-0"]
[Round "1"]
[TimeControl "180+1"]
[Date "2023.08.01"]
[WhiteClock "0:00:27"]
[BlackClock "0:00:26"]
[Board "216"]

1. e4 c5 2. Nf3 g6 3. d4 cxd4 4. Nxd4 Bg7 5. Nc3 Nc6 6. Be3 Nf6 7. Bc4 O-O 8. f3 Qb6 9. Nce2 Qxb2 10. Rb1 Qa3 11. Kf2 Ne5 12. Bb3 Neg4+ 13. fxg4 Nxe4+ 14. Kg1 d6 15. h3 b6 16. Nb5 Qb4 17. Nc7 Rb8 18. Nd5 Qb5 19. Nf6+ Bxf6 20. Bxf7+ Kxf7 21. Rxb5 Ba6 22. Rb1 Bxe2 23. Qd5+ e6 24. Qxe4 Rfc8 25. Bf4 e5 26. Qxe2 exf4 27. Kh2 Be5 28. Rhf1 Kg7 29. Kh1 Rc3 30. Rbd1 Rbc8 31. Rd2 Rg3 32. Rfd1 Rcc3 33. Rxd6 Rce3 34. Qd2 f3 35. Rd7+ Kf8 36. Qb4+ Ke8 37. Qe7# 1-0


[Site "https://www.chess.com"]

[Event "Titled Tuesday Blitz August 1 Early 2023"]
[White "Vafin, Ayrat"]
[Black "Mekhane, Adam"]
[WhiteFideId "4146530"]
[BlackFideId "36050601"]
[WhiteElo "2221"]
[BlackElo "2549"]
[Result "1-0"]
[Round "1"]
[TimeControl "180+1"]
[Date "2023.08.01"]
[WhiteClock "0:00:07"]
[BlackClock "0:00:00"]
[Board "217"]

1. Nf3 Nf6 2. g3 g6 3. Bg2 Bg7 4. O-O O-O 5. c4 c6 6. d4 d6 7. Nc3 Nbd7 8. e4 e5 9. h3 Re8 10. Re1 exd4 11. Nxd4 Nc5 12. b3 Ne6 13. Nde2 Nc7 14. Bf4 Re6 15. Qd2 b5 16. cxb5 cxb5 17. e5 Nh5 18. Bxa8 Nxa8 19. Rad1 Bb7 20. g4 Qh4 21. gxh5 Qxh3 22. Nd5 Bxe5 23. Qe3 Qxh5 24. Qg3 Nc7 25. Bxe5 Nxd5 26. f3 Rxe5 27. Kf2 Qh6 28. Nd4 Rxe1 29. Rxe1 Qd2+ 30. Ne2 Qe3+ 31. Kf1 Kg7 32. Qf2 1-0


[Site "https://www.chess.com"]

[Event "Titled Tuesday Blitz August 1 Early 2023"]
[White "Fonseca Manrique, Enrique"]
[Black "Ferro, Mario"]
[WhiteFideId "5114330"]
[BlackFideId "810290"]
[WhiteElo "2548"]
[BlackElo "2220"]
[Result "0-1"]
[Round "1"]
[TimeControl "180+1"]
[Date "2023.08.01"]
[WhiteClock "0:00:01"]
[BlackClock "0:00:26"]
[Board "218"]

1. e4 c5 2. Nc3 d6 3. f4 g6 4. Nf3 Bg7 5. Bb5+ Bd7 6. Bc4 e6 7. O-O Bc6 8. f5 d5 9. fxe6 fxe6 10. exd5 exd5 11. Qe1+ Ne7 12. Bb3 c4 13. Ba4 O-O 14. d4 Nf5 15. Bg5 Qd6 16. Rd1 Nd7 17. Bxc6 bxc6 18. Ne2 Rae8 19. Qd2 Nf6 20. Nc3 Ne4 21. Nxe4 Rxe4 22. c3 Rfe8 23. Rde1 h6 24. Rxe4 Rxe4 25. Bxh6 Bxh6 26. Qc2 Ne3 27. Qc1 Ng4 28. Qd1 Be3+ 0-1


[Site "https://www.chess.com"]

[Event "Titled Tuesday Blitz August 1 Early 2023"]
[White "campochess"]
[Black "ATM622"]
[WhiteElo "2211"]
[BlackElo "2547"]
[Result "1/2-1/2"]
[Round "1"]
[TimeControl "180+1"]
[Date "2023.08.01"]
[WhiteClock "0:00:00"]
[BlackClock "0:00:02"]
[Board "219"]

1. e4 c6 2. d4 d5 3. exd5 cxd5 4. c4 e6 5. Nc3 Nf6 6. Bg5 Be7 7. Nf3 O-O 8. Rc1 Nc6 9. Be2 h6 10. Bh4 Ne4 11. Bg3 Qa5 12. a3 f5 13. Be5 g5 14. O-O g4 15. Nd2 Bg5 16. Ncxe4 dxe4 17. Rc2 Nxe5 18. dxe5 Qxe5 19. Nb3 Rd8 20. Qe1 Bd7 21. Qb4 b6 22. c5 Rac8 23. Ba6 Rc7 24. Bb5 bxc5 25. Nxc5 Be7 26. Rfc1 Bxb5 27. Qxb5 Bxc5 28. Kh1 Bb6 29. Qxe5 Rxc2 30. Qxe6+ Kg7 31. Qe7+ Kg6 32. Rf1 Rdd2 33. h4 Rxf2 34. Qe6+ Kg7 35. Rd1 Rcd2 36. Rxd2 Rxd2 37. Qxf5 Rd1+ 38. Kh2 Bc7+ 39. g3 Rd2+ 40. Kg1 Bb6+ 41. Kf1 Rf2+ 42. Qxf2 Bxf2 43. Kxf2 Kf6 44. Ke3 Ke5 45. b4 Kd5 46. h5 a6 47. a4 Ke5 48. b5 axb5 49. axb5 Kd5 50. b6 Kc6 51. b7 Kxb7 52. Kxe4 Kc6 53. Kf5 Kd6 54. Kg6 Ke6 55. Kxh6 Kf6 56. Kh7 Kf7 57. h6 Kf8 58. Kg6 Kg8 59. Kg5 Kf7 60. Kh5 Kf6 61. h7 Kg7 62. h8=Q+ Kxh8 63. Kxg4 Kg8 64. Kf4 Kf8 65. Kf5 Kf7 1/2-1/2


[Site "https://www.chess.com"]

[Event "Titled Tuesday Blitz August 1 Early 2023"]
[White "Remolar Gallen, Jose"]
[Black "Tagliata"]
[WhiteFideId "2215187"]
[WhiteElo "2546"]
[BlackElo "2210"]
[Result "1-0"]
[Round "1"]
[TimeControl "180+1"]
[Date "2023.08.01"]
[WhiteClock "0:01:05"]
[BlackClock "0:00:37"]
[Board "220"]

1. e4 c5 2. Nf3 Nc6 3. Bb5 e6 4. O-O Nge7 5. Re1 Nd4 6. Bf1 Nec6 7. c3 Nxf3+ 8. Qxf3 Be7 9. d3 O-O 10. Be3 d5 11. Nd2 d4 12. Bf4 Bg5 13. e5 Bxf4 14. Qxf4 dxc3 15. bxc3 Qd5 16. Re3 Ne7 17. Ne4 Ng6 18. Qg5 Qxe5 19. Qxe5 Nxe5 20. Nxc5 Nd7 21. Nb3 b6 22. a4 a6 23. c4 Bb7 24. a5 Nc5 25. Rb1 Nxb3 26. Rxb3 b5 27. cxb5 Bd5 28. Rb4 axb5 29. Rxb5 Ra7 30. d4 Rfa8 31. Ra3 g6 32. f3 Kf8 33. Kf2 Ke7 34. Rc5 Kd6 35. a6 e5 36. Raa5 Bb7 37. dxe5+ Ke6 38. Bc4+ Ke7 39. Rc7+ Ke8 40. Rxb7 Rxb7 41. axb7 Rxa5 42. b8=Q+ 1-0


[Site "https://www.chess.com"]

[Event "Titled Tuesday Blitz August 1 Early 2023"]
[White "Jahnz, Fabian"]
[Black "Palczert, Matyas"]
[WhiteFideId "4653300"]
[BlackFideId "784958"]
[WhiteElo "2206"]
[BlackElo "2546"]
[Result "1-0"]
[Round "1"]
[TimeControl "180+1"]
[Date "2023.08.01"]
[WhiteClock "0:00:19"]
[BlackClock "0:00:17"]
[Board "221"]

1. e4 c5 2. Nf3 Nf6 3. e5 Nd5 4. c3 d6 5. exd6 e6 6. g3 Bxd6 7. Bg2 O-O 8. O-O Nc6 9. d4 cxd4 10. Nxd4 Bd7 11. Nxc6 Bxc6 12. Nd2 Nf6 13. Nf3 e5 14. Re1 Qc7 15. Bg5 Ne4 16. Be3 f5 17. Nd2 Nf6 18. Bxc6 Qxc6 19. Qf3 f4 20. Qxc6 bxc6 21. gxf4 exf4 22. Bd4 c5 23. Be5 Rad8 24. Nc4 Bxe5 25. Rxe5 Rfe8 26. Rae1 Rxe5 27. Rxe5 f3 28. h3 h5 29. Re3 g5 30. Rxf3 Kg7 31. Rf5 Kg6 32. Rxc5 Ne4 33. Rc6+ Kf5 34. Ne3+ Ke5 35. Kg2 g4 36. hxg4 h4 37. Rh6 Kf4 38. Rxh4 Rd2 39. g5+ Ke5 40. Nc4+ 1-0


[Site "https://www.chess.com"]